 Dungeon Crawl Stone Soup version 0.31.0-9-g3a7656b989 (webtiles) character file.

Game seed: 7432121278873830434

3452 qw the Markself (level 9, -1/52 HPs)
             Began as a Deep Elf Hunter on Feb 2, 2024.
             Was a Priest of Okawaru.
             Killed from afar by Maurice (14 damage)
             ... with an iceblast
             ... on level 9 of the Dungeon.
             The game lasted 00:00:26 (5120 turns).

qw the Markself (Deep Elf Hunter)                   Turns: 5120, Time: 00:00:26

Health: -1/52      AC: 12    Str: 13    XL:     9   Next: 78%
Magic:  5/14       EV: 14    Int: 15    God:    Okawaru [***...]
Gold:   0          SH:  0    Dex: 20    Spells: 8/8 levels left

rFire   . . .        e - +0 orcbow
rCold   . . .        (shield currently unavailable)
rNeg    . . .        f - +0 ring mail
rPois   .            (no helmet)
rElec   .            (no cloak)
rCorr   .            j - +1 pair of gloves {Str+3}
SInv    .            d - +0 pair of boots
Will    .....        (no amulet)
Stlth   +            i - +4 ring of slaying {mikee}
HPRegen 0.28/turn    n - +4 ring of protection
MPRegen 0.14/turn

%: no passive effects
@: no status effects
A: no striking features
a: Renounce Religion, Heroism


You were on level 9 of the Dungeon.
You worshipped Okawaru.
Okawaru was most pleased with you.
You visited 2 branches of the dungeon, and saw 9 of its levels.

You collected 42 gold pieces.
You spent 42 gold pieces at shops.


   Skills:
 - Level 4.4 Fighting
 + Level 15.3 Ranged Weapons
 - Level 1.0 Armour
 - Level 6.1 Dodging
 - Level 1.2 Stealth
 - Level 4.2 Invocations


You had 8 spell levels left.
You didn't know any spells.
Your spell library was empty.

Inventory:

Hand Weapons
 e - a +0 orcbow (weapon)
Armour
 d - a +0 pair of boots (worn)
 f - a +0 ring mail (worn)
 j - a +1 pair of gloves of strength (worn)
Jewellery
 i - a +4 ring of slaying (left hand) {mikee}
 n - a +4 ring of protection (right hand)
Wands
 a - a wand of digging (5)
 m - a wand of mindburst (7)
 o - a wand of iceblast (5)
Scrolls
 l - a scroll of fog {unknown}
Potions
 b - a potion of resistance
 c - a potion of lignification
 g - a potion of degeneration {unknown}
 h - a potion of enlightenment {unknown}
 k - 3 potions of curing

Dungeon Overview and Level Annotations

Branches:
Dungeon (7/15)             Temple (1/1) D:5

Altars:
Ashenzari
Cheibriados
Elyvilon
Fedhas
Gozag
Hepliaklqana
Kikubaaqudgha
Makhleb
Nemelex Xobeh
Okawaru
Qazlal
Ru
Uskayaw
Vehumet
Wu Jian
Xom
Yredelemnul
Zin

Shops:
D:5 ==

Annotations:
D:3 1 runed translucent door, Crazy Yiuf
D:9 Maurice


Message History

Okawaru accepts your kill. Something barely misses you.
Something bites you but does no damage.
You shoot an arrow.
The arrow hits the orc warrior but does no damage.
The orc warrior is moderately wounded.
Something hits you.
Something grunts, "Curses!"
Something bites you but does no damage.
You shoot an arrow.
The arrow hits the orc warrior but does no damage.
The orc warrior is moderately wounded.
You feel like a meek peon again.
You shoot an arrow. The arrow hits the orc warrior!
The orc warrior is severely wounded.
The orc warrior hits you with a +0 battleaxe!
Something hits you but does no damage. Something bites you.
You feel your power leaking away. Something drains your magic.
You shoot an arrow.
The arrow closely misses the orc warrior.
The orc warrior closely misses you. Something hits you.
Something groans, "What are you, a monk?"
Something barely misses you.
You shoot an arrow.
The arrow barely misses the orc warrior.
Something completely misses you. Something bites you.
You feel your power leaking away. Something drains your magic.
The orc warrior barely misses you.
You shoot an arrow. The arrow hits the orc warrior!
You kill the orc warrior!
Okawaru accepts your kill.
You hear a zap.
An iceblast appears from out of thin air!
The mass of ice explodes!
The iceblast engulfs you!
The iceblast engulfs something!
You shoot an arrow.
You hear a zap.
An iceblast appears from out of thin air!
The mass of ice explodes!
The iceblast engulfs you!
You die...

#..###..## # #..
####..# ##..##. ....
...#...# ##[..# ....#
......## #.....
...).###......##
##...##
#)...#........###....#
#.............#....##
##..)..............#
.#....@{............#
...........#...>....##
..........###........#
#...........##.%...#.#
................%.###.#
..................# ##
###............))##
#..............##
..............)#


There were no monsters in sight!

Vanquished Creatures
  A boulder beetle (D:7)
  A hornet (D:9)
  Sigmund (D:2)
  A wyvern (D:7)
  A steam dragon (D:7)
  An acid dragon (D:9)
  A water moccasin (D:6)
  Duvessa (D:5)
  2 orc warriors
  2 ice beasts
  A sky beast (D:7)
  An ogre (D:7)
  3 centaurs (D:7)
  A kobold brigand (D:7)
  A bullfrog (D:9)
  A scorpion (D:5)
  Dowan (D:5)
  2 howler monkeys
  2 bombardier beetles
  A centaur zombie (D:6)
  3 hounds
  A jelly (D:4)
  2 orc priests
  2 gnoll boudas
  2 iguanas
  Jessica (D:2)
  Terence (D:3)
  5 orc wizards
  A killer bee zombie (D:6)
  13 gnolls
  2 adders
  A shadow imp (D:5)
  2 white imps
  2 ufetubi (D:5)
  A dart slug (D:2)
  A ribbon worm (D:4)
  17 orcs
  7 ball pythons
  9 endoplasms
  3 giant cockroaches (D:2)
  3 goblins
  7 hobgoblins
  3 jackals (D:5)
  5 quokkas
  6 bats
  2 frilled lizards
  13 kobolds
  4 rats
145 creatures vanquished.

Notes
Turn   | Place    | Note
-------+----------+-------------------------------------------
     0 | D:1      | qw the Deep Elf Hunter began the quest for the Orb.
     0 | D:1      | Reached XP level 1. HP: 12/12 MP: 3/3
     0 | D:1      | 0 ||| qw: Version: 0.3-a-155-g5e7d8dd
     0 | D:1      | 0 ||| qw: Game counter: 1585
     0 | D:1      | 0 ||| qw: Melee chars always use a shield: true
     0 | D:1      | 0 ||| qw: God list: Okawaru
     0 | D:1      | 0 ||| qw: Allow faded altars: false
     0 | D:1      | 0 ||| qw: Do Orc after clearing Dungeon:15 true
     0 | D:1      | 0 ||| qw: Do second Lair branch before Depths: true
     0 | D:1      | 0 ||| qw: Lair rune preference: random
     0 | D:1      | 0 ||| qw: Goals: Normal
     0 | D:1      | 0 ||| PLANNING D:1-11
   299 | D:1      | Reached skill level 6 in Ranged Weapons
   299 | D:1      | Reached XP level 2. HP: 16/16 MP: 4/4
   581 | D:1      | 581 ||| UPGRADING to +0 pair of gloves.
   586 | D:1      | 586 ||| UPGRADING to +0 scale mail.
   596 | D:1      | 596 ||| DROPPING +0 leather armour.
   597 | D:1      | 597 ||| DROPPING +6 ring of intelligence.
   598 | D:1      | 598 ||| UPGRADING to +4 ring of slaying {mikee}.
   599 | D:1      | 599 ||| READING scroll labelled WUXIST FAAF.
   600 | D:1      | 600 ||| READING scroll labelled SILARUIWKO.
   603 | D:1      | 603 ||| READING scroll labelled REIRUU RAJO.
   603 | D:1      | 603 ||| BRANDING +0 shortbow.
   604 | D:1      | 604 ||| READING scroll labelled TIYKOPN USYRE.
   604 | D:1      | 604 ||| ENCHANTING +0 pair of gloves.
   605 | D:1      | 605 ||| READING scroll labelled RUH GIRISI.
   605 | D:1      | 605 ||| IDENTIFYING blue potion
   606 | D:1      | 606 ||| DROPPING scroll of butterflies.
   667 | D:2      | 667 ||| FLEEEEING.
   669 | D:2      | 669 ||| FLEEEEING.
   795 | D:2      | Reached XP level 3. HP: 20/20 MP: 5/5
   795 | D:2      | Noticed Sigmund
   806 | D:2      | Killed Sigmund
   807 | D:2      | Reached skill level 8 in Ranged Weapons
   807 | D:2      | Reached XP level 4. HP: 11/25 MP: 6/6
   807 | D:2      | Reached XP level 5. HP: 12/29 MP: 7/7
  1160 | D:2      | Noticed Jessica
  1163 | D:2      | Killed Jessica
  1164 | D:2      | Reached skill level 9 in Ranged Weapons
  1285 | D:2      | 1285 ||| UPGRADING to +0 pair of boots.
  1290 | D:2      | 1290 ||| UPGRADING to +0 ring mail.
  1300 | D:2      | 1300 ||| DROPPING +0 scale mail.
  1301 | D:2      | 1301 ||| READING 2 scrolls of identify.
  1301 | D:2      | 1301 ||| IDENTIFYING coppery potion
  1340 | D:3      | 1340 ||| STAIRDANCE
  1349 | D:3      | 1349 ||| STAIRDANCE
  1399 | D:3      | Reached skill level 1 in Armour
  1399 | D:3      | Reached XP level 6. HP: 35/35 MP: 8/8
  1411 | D:3      | Noticed Terence
  1419 | D:3      | Killed Terence
  1610 | D:3      | Found a faded altar of an unknown god.
  1786 | D:3      | Found a runed translucent door.
  1787 | D:3      | Noticed Crazy Yiuf
  1869 | D:3      | 1869 ||| UPGRADING to +1 pair of gloves of strength.
  1879 | D:3      | 1879 ||| DROPPING +1 pair of gloves.
  1880 | D:3      | 1880 ||| READING scroll of identify.
  1880 | D:3      | 1880 ||| IDENTIFYING bubbling red potion
  1881 | D:3      | 1881 ||| DROPPING potion of attraction.
  1980 | D:4      | Reached skill level 3 in Dodging
  2177 | D:4      | Reached skill level 10 in Ranged Weapons
  2650 | D:4      | 2650 ||| READING scroll labelled WUETELAILO.
  2651 | D:4      | 2651 ||| DRINKING 2 dark potions.
  2683 | D:5      | Entered Level 5 of the Dungeon
  2716 | D:5      | Found Xerheset's Jewellery Boutique.
  2720 | D:5      | 2720 ||| SHOPLISTING +4 ring of protection (504 gold, have
                  | 197).
  2720 | D:5      | 2720 ||| SHOPLISTING +4 ring of slaying (1092 gold, have
                  | 197).
  2720 | D:5      | 2720 ||| SHOPLISTING +6 ring of dexterity (504 gold, have
                  | 197).
  2720 | D:5      | 2720 ||| SHOPLISTING +6 ring of strength (504 gold, have
                  | 197).
  2720 | D:5      | 2720 ||| SHOPLISTING amulet of reflection (420 gold, have
                  | 197).
  2795 | D:5      | Found Ropyulaf's One-of-a-Kind Rings.
  2802 | D:5      | 2802 ||| BUYING +2 ring of dexterity (42 gold).
  2802 | D:5      | Bought a +2 ring of dexterity for 42 gold pieces
  2802 | D:5      | 2802 ||| SHOPLISTING +3 ring of protection (294 gold, have
                  | 155).
  2802 | D:5      | 2802 ||| SHOPLISTING +9 ring of slaying (3159 gold, have
                  | 155).
  2846 | D:5      | Reached XP level 7. HP: 40/40 MP: 9/9
  2853 | D:5      | HP: 5/40 [orc priest/divine providence (11)]
  2854 | D:5      | 2854 ||| READING scroll of teleportation.
  2855 | D:5      | 2855 ||| DRINKING potion of heal wounds.
  2963 | D:5      | Found a staircase to the Ecumenical Temple.
  2964 | D:5      | 2964 ||| PLANNING TEMPLE
  2984 | D:5      | 2984 ||| UPGRADING to +2 ring of dexterity.
  2990 | Temple   | Entered the Ecumenical Temple
  2991 | Temple   | 2991 ||| PLANNING OKAWARU WORSHIP
  3009 | Temple   | Became a worshipper of Warmaster Okawaru
  3010 | Temple   | 3010 ||| PLANNING D:1-11
  3127 | D:5      | Noticed Duvessa
  3133 | D:5      | Killed Duvessa
  3134 | D:5      | Reached skill level 11 in Ranged Weapons
  3135 | D:5      | Noticed Dowan
  3138 | D:5      | 3138 ||| DRINKING potion of haste.
  3147 | D:5      | Killed Dowan
  3550 | D:5      | 3550 ||| READING scroll labelled VUASTR ATEHESK.
  3550 | D:5      | 3550 ||| ENCHANTING +0 shortbow of freezing.
  3645 | D:6      | Reached * piety under Okawaru
  3651 | D:6      | Reached skill level 12 in Ranged Weapons
  3700 | D:6      | Found a basalt altar of Yredelemnul.
  3748 | D:6      | Reached skill level 1 in Invocations
  3795 | D:6      | Reached XP level 8. HP: 45/45 MP: 9/11
  3957 | D:6      | Reached skill level 3 in Fighting
  4088 | D:6      | 4088 ||| DROPPING ring of ice.
  4089 | D:6      | 4089 ||| UPGRADING to +4 ring of protection.
  4091 | D:6      | 4091 ||| DROPPING +2 ring of dexterity.
  4092 | D:6      | 4092 ||| READING scroll labelled OGUSHU TIRRAE.
  4093 | D:6      | 4093 ||| DRINKING 2 ruby potions.
  4094 | D:6      | 4094 ||| DRINKING 4 potions of curing.
  4094 | D:6      | 4094 ||| (to cure confusion)
  4095 | D:6      | 4095 ||| DROPPING potion of ambrosia.
  4126 | D:7      | Reached skill level 3 in Invocations
  4134 | D:7      | 4134 ||| SWAPPING to +0 orcbow.
  4135 | D:7      | 4135 ||| DROPPING +1 shortbow of freezing.
  4188 | D:7      | Found an ancient bone altar of Kikubaaqudgha.
  4189 | D:7      | Found a snail-covered altar of Cheibriados.
  4189 | D:7      | Found a sparkling altar of Nemelex Xobeh.
  4191 | D:7      | Found a hide-covered altar of Uskayaw.
  4201 | D:7      | Reached ** piety under Okawaru
  4209 | D:7      | HP: 7/46 [wyvern (8)]
  4211 | D:7      | HP: 3/46 [wyvern (4)]
  4213 | D:7      | Reached skill level 13 in Ranged Weapons
  4425 | D:7      | 4425 ||| Stepping ~*~*~tactically~*~*~ (cloud).
  4483 | D:7      | Reached XP level 9. HP: 50/50 MP: 14/14
  4666 | D:7      | Noticed a boulder beetle
  4667 | D:7      | 4667 ||| INVOKING Heroism.
  4691 | D:7      | 4691 ||| INVOKING Heroism.
  4699 | D:7      | Killed a boulder beetle
  4700 | D:7      | Reached skill level 15 in Ranged Weapons
  4797 | D:7      | Found a stormy altar of Qazlal.
  4798 | D:7      | 4798 ||| READING 2 scrolls of identify.
  4798 | D:7      | 4798 ||| IDENTIFYING metallic emerald potion
  4799 | D:7      | 4799 ||| READING scroll of identify.
  4799 | D:7      | 4799 ||| IDENTIFYING fuming purple potion
  4804 | D:7      | Reached *** piety under Okawaru
  4850 | D:7      | You fall into a shaft and drop 2 floors!
  4870 | D:9      | Reached skill level 6 in Dodging
  4997 | D:9      | 4997 ||| INVOKING Heroism.
  5097 | D:9      | Noticed Maurice
  5098 | D:9      | 5098 ||| INVOKING Heroism.
  5111 | D:9      | Something stole 285 gold
  5119 | D:9      | HP: 13/52 [something/iceblast (8)]
  5120 | D:9      | Killed from afar by Maurice

Levels and vault maps discovered:
D:1:      beargit_arrival_greenhouse, layout_basic,
          chequers_serial_rivers_small_a
D:2:      layout_loops_ring, uniq_jessica, uniq_sigmund
D:3:      layout_rooms, shapermc_ecumenical_altar_mp_highgroup, uniq_terence,
          uniq_crazy_yiuf_cottage
D:4:      layout_cave_pods, minmay_misc_feat_nine_boxes, kennysheep_small_circle
D:5:      layout_loops_cross, minmay_temple_entry_enclosed_plants,
          nicolae_shop_unique_rings, minmay_shop_enchanted_jewellery,
          uniq_duvessa
D:6:      layout_rooms, lemuel_zombie_altar_yredelemnul, minmay_between
D:7:      kennysheep_big_flooded_room, layout_cave_pools,
          chequers_temple_overflow_statue_of_worship,
          nicolae_qazlal_beasts_of_the_sky, serial_park_tiny_pond
D:9:      layout_layer_cave, serial_shops, nicolae_shop_mannequins,
          uniq_maurice, uniq_psyche, uniq_joseph
Temple:   nicolae_temple_slightly_damp_pantheon

Skill      XL: |  1  2  3  4  5  6  7  8  9 |
---------------+----------------------------+-----
Ranged Weapons | 6 8 9 10 12 13 15 | 15.3
Fighting       | 2 3 4 |  4.4
Armour         | 1 |  1.0
Dodging        | 3 4 6 |  6.1
Invocations    | 1 4 |  4.2
Stealth        | |  1.2

Action                     |  1- 3 |  4- 6 |  7- 9 || total
---------------------------+-------+-------+-------++-------
   Fire: Shortbow          |    68 |   104 |   103 ||   275
         Orcbow            |       |       |   189 ||   189
 Invoke: Heroism           |       |       |     4 ||     4
    Use: Scroll            |     5 |     3 |     5 ||    13
         Potion            |       |     1 |     4 ||     5
 Armour: Leather armour    |     6 |       |       ||     6
         Scale mail        |    15 |     1 |       ||    16
         Ring mail         |       |     8 |    85 ||    93
  Dodge: Dodged            |    12 |    15 |    65 ||    92

Table legend:
 A = Non-vault XP
 B = Vault XP
 C = Vault XP percentage of total XP
 D = Non-vault monster count
 E = Vault monster count
 F = Vault count percentage of total count
                 A         B        C        D         E       F
            +---------+---------+-------+---------+---------+-------
      Total |    3995 |     937 |  19.0 |     132 |      13 |   9.0
            +---------+---------+-------+---------+---------+-------
        D:1 |      21 |       0 |   0.0 |      12 |       0 |   0.0
        D:2 |      36 |     260 |  87.8 |      21 |       2 |   8.7
        D:3 |     213 |      36 |  14.5 |      25 |       1 |   3.8
        D:4 |      61 |      55 |  47.4 |      10 |       2 |  16.7
        D:5 |     399 |     199 |  33.3 |      20 |       2 |   9.1
        D:6 |     240 |     263 |  52.3 |       4 |       5 |  55.6
        D:7 |    2257 |     124 |   5.2 |      30 |       1 |   3.2
        D:9 |     768 |       0 |   0.0 |      10 |       0 |   0.0
            +---------+---------+-------+---------+---------+-------
